 Dungeon Crawl Stone Soup version 0.27.1-3-gb3d3a73c9e (webtiles) character file.

Game seed: 6028968080491163057

691 pkoi the Carver (level 7, -11/85 HPs)
             Began as a Minotaur Fighter on Oct 14, 2021.
             Mangled by an ogre (17 damage)
             ... on level 5 of the Dungeon.
             The game lasted 00:03:49 (3410 turns).

pkoi the Carver (Minotaur Fighter)                  Turns: 3410, Time: 00:03:50

Health: -11/85     AC:  8    Str: 22    XL:     7   Next: 36%
Magic:  6/6        EV:  8    Int:  5    God:
Gold:   230        SH: 10    Dex: 10    Spells: 6/6 levels left

rFire    . . .     SeeInvis .   a - +0 long sword (flame)
rCold    . . .     Faith    .   c - +0 kite shield
rNeg     . . .     Spirit   .   b - +0 scale mail
rPois    .         Reflect  .   j - +0 hat
rElec    .         Harm     .   g - +0 cloak
rCorr    .         Rampage  .   (no gloves)
Will     .....                  (no boots)
Stlth    ..........             (no amulet)
HPRegen  0.24/turn              (no ring)
MPRegen  0.10/turn              (no ring)

@: berserking, very quick
A: horns 2, retaliatory headbutt
a: no special abilities


You were on level 5 of the Dungeon.
You visited 1 branch of the dungeon, and saw 6 of its levels.
You also visited: Sewer.

You collected 230 gold pieces.

Inventory:

Hand Weapons
 a - a +0 long sword of flaming (weapon)
 e - a +1 dagger of venom
Missiles
 i - 20 poisoned darts (quivered)
Armour
 b - a +0 scale mail (worn)
 c - a +0 kite shield (worn)
 g - a +0 cloak (worn)
 j - a +0 hat (worn)
Scrolls
 f - 2 scrolls of identify
 k - a scroll of brand weapon
 l - a scroll of fear
 o - 2 scrolls of teleportation
Potions
 d - 2 potions of might
 h - 2 potions of brilliance
 n - a potion of curing


   Skills:
 - Level 3.6 Fighting
 * Level 8.3 Long Blades
 - Level 3.6 Armour
 + Level 6.6 Shields


You had 6 spell levels left.
You didn't know any spells.
Your spell library contained the following spells:

 Spells                   Type           Power      Damage    Failure   Level
 Freeze                   Ice            0%         1d3       99%         1
 Dazzling Flash           Conj/Hex       0%         N/A       100%        3
 Frozen Ramparts          Ice            0%         1d2       100%        3
 Ozocubu's Armour         Ice            0%         N/A       100%        3
 Hailstorm                Conj/Ice       0%         3d3       100%        4
 Iskenderun's Mystic Bla  Conj/Tloc      0%         2d3       100%        4
 Metabolic Englaciation   Hex/Ice        0%         N/A       100%        5
 Simulacrum               Ice/Necr       0%         N/A       100%        6
 Starburst                Conj/Fire      0%         6d3       100%        6


Dungeon Overview and Level Annotations

Branches:
Dungeon (6/15)              Sewer (visited)
 Temple: D:4-7

Altars:

Shops:
D:2 ?


Innate Abilities, Weirdness & Mutations

You have a pair of horns on your head.
You reflexively headbutt those who attack you in melee.


Message History

HP restored.
There is a stone staircase leading down, spattered with blood here.
h - 2 potions of brilliance (gained 1)
Things that are here:
a +0 dagger; a +0 robe
There is a stone staircase leading down, spattered with blood here.
Items here: ))) [.
Things that are here:
a +0 spear; a +0 whip
Found a scroll of teleportation.
o - 2 scrolls of teleportation (gained 1)
Found a stone staircase leading down.
An ogre comes into view. It is wielding a +0 giant club.
The ogre shouts!
An ogre is nearby!
An ogre is nearby!
An adder comes into view.
The adder hisses angrily.
The ogre hits you with a +0 giant club!
You hit the ogre. You burn the ogre.
The ogre is lightly wounded.
The ogre hits you with a +0 giant club!
You hit the ogre but do no damage.
The ogre is lightly wounded.
The adder barely misses you. You furiously retaliate!
You headbutt the adder.
The ogre hits you with a +0 giant club!!
* * * LOW HITPOINT WARNING * * *
You block the adder's attack.
You hit the ogre. You burn the ogre.
The ogre is moderately wounded.
The adder bites you but does no damage. The ogre hits you with a +0 giant club!
* * * LOW HITPOINT WARNING * * *
The adder barely misses you. You furiously retaliate!
You headbutt the adder!
You kill the adder!
A red film seems to cover your vision as you go berserk!
You feel yourself moving faster!
You feel mighty!
Your scale mail prevents you from hitting the ogre.
The ogre is moderately wounded.
The ogre hits you with a +0 giant club!
You die...

##.###
######...#.####
##.#
#......#......#
##.#
#..###...####.#
#.# # ##.###
#.# #.# #...#
#.# #.# ###.#
#.# #.# #.# #.#
#.# #.# #@# #>#
#O# #.#
............#
.....##.#####
##.. ..# #. .#.
# #. # #. ..


You could see an ogre.

Vanquished Creatures
  A water moccasin (Sewer)
  Duvessa (D:5)
  A black bear (D:4)
  A kobold brigand (D:6)
  A gnoll sergeant (D:6)
  Dowan (D:5)
  A jelly (D:5)
  3 gnolls (D:5)
  9 adders
  3 worms
  3 dart slugs
  3 orcs (D:3)
  6 ball pythons
  11 bats
  7 endoplasms
  2 giant cockroaches
  3 hobgoblins
  10 kobolds
  4 quokkas
  A frilled lizard (D:1)
  7 goblins
  9 rats
88 creatures vanquished.

Vanquished Creatures (others)
  A gnoll (D:5)
1 creature vanquished.

Grand Total: 89 creatures vanquished

Notes
Turn   | Place    | Note
-------+----------+-------------------------------------------
     0 | D:1      | pkoi the Minotaur Fighter began the quest for the Orb.
     0 | D:1      | Reached XP level 1. HP: 19/19 MP: 0/0
    93 | D:1      | Reached skill level 3 in Long Blades
    96 | D:1      | Reached XP level 2. HP: 15/26 MP: 1/1
   445 | D:1      | Found a faded altar of an unknown god.
   445 | D:1      | Noticed a Hell Sentinel
   748 | D:2      | Found Zamigh's Magic Scroll Boutique.
   804 | D:2      | Reached XP level 3. HP: 31/31 MP: 2/2
   813 | D:2      | Reached skill level 4 in Long Blades
  1497 | D:3      | Reached XP level 4. HP: 39/39 MP: 3/3
  2095 | D:3      | Reached skill level 5 in Long Blades
  2327 | D:4      | Noticed a black bear
  2338 | D:4      | Killed a black bear
  2339 | D:4      | Reached skill level 6 in Long Blades
  2339 | D:4      | Reached skill level 5 in Shields
  2339 | D:4      | Reached XP level 5. HP: 32/45 MP: 4/4
  2350 | D:4      | Found a glowing drain.
  2368 | Sewer    | Entered a sewer
  2440 | Sewer    | Noticed a water moccasin
  2454 | Sewer    | Killed a water moccasin
  2455 | Sewer    | Reached XP level 6. HP: 16/51 MP: 5/5
  2740 | D:4      | You fall into a shaft and drop 2 floors!
  2777 | D:6      | Reached skill level 7 in Long Blades
  2859 | D:5      | Entered Level 5 of the Dungeon
  2862 | D:5      | Noticed Dowan
  2864 | D:5      | Noticed Duvessa
  3142 | D:5      | Reached XP level 7. HP: 57/57 MP: 6/6
  3149 | D:5      | Killed Duvessa
  3156 | D:5      | Killed Dowan
  3157 | D:5      | Reached skill level 8 in Long Blades
  3410 | D:5      | Mangled by an ogre

Illustrated notes

Levels and vault maps discovered:
D:1:      tarquinn_simple_flora_water_e, layout_rooms,
          dreamdust_ecumenical_altar_sealed_demon, minmay_misc_feat_pillars
D:2:      layout_rooms, serial_shops, shop, corexii_leaking_fountain,
          chequers_serial_rivers_micro_e
D:3:      kennysheep_six_static_rooms, layout_basic, serial_forest,
          infiniplex_forest_lined_room_3, infiniplex_forest_fountain,
          infiniplex_forest_clump_double, infiniplex_forest_corner_1,
          infiniplex_forest_zigzag_1, infiniplex_forest_end_2,
          infiniplex_forest_lined_3, dk_vineyard_2, minmay_misc_feat_x
D:4:      minmay_chambers_of_threes, layout_rooms, old_standard_altar,
          gup_sewer_entry_glass, grunt_ministairs_4
D:5:      layout_loops_ring, minmay_temple_entry_large_hall, serial_shops,
          kennysheep_mini, minmay_door_square, uniq_duvessa, uniq_blork_the_orc
D:6:      layout_loops_ring, kennysheep_generic_room_7

Skill      XL: |  1  2  3  4  5  6  7 |
---------------+----------------------+-----
Long Blades    | 3 4 6 7 8 |  8.3
Shields        | 4 5 6 |  6.6
Fighting       | |  3.6
Armour         | |  3.6

Action                   |  1- 3 |  4- 6 |  7- 9 || total
-------------------------+-------+-------+-------++-------
Melee: Long sword        |    79 |   113 |    25 ||   217
       Headbutt          |    16 |    16 |     4 ||    36
       Dagger            |     7 |       |       ||     7
  Use: Scroll            |     3 |     2 |       ||     5
       Potion            |       |     2 |     1 ||     3
Armor: Scale mail        |    42 |    54 |     9 ||   105
Dodge: Dodged            |    20 |    59 |     9 ||    88
Block: Kite shield       |    42 |    80 |    16 ||   138
       Rpst.: Long sword |     6 |    16 |       ||    22
